 Dungeon Crawl Stone Soup version 0.32-a0-900-g30fb1b0edc (webtiles) character file.

Game seed: 341286100115239238

4 Dogenati the Gusty (level 1, 0/13 HPs)
             Began as a Human Air Elementalist on Apr 5, 2024.
             Killed from afar by a dart slug (5 damage)
             ... with a slug dart
             ... on level 1 of the Dungeon.
             The game lasted 00:07:43 (333 turns).

Dogenati the Gusty (Human Air Elementalist)          Turns: 333, Time: 00:07:44

Health: 0/13       AC:  2    Str:  8    XL:     1   Next: 60%
Magic:  3/3        EV: 11    Int: 15    God:
Gold:   26         SH:  0    Dex: 13    Spells: 3/4 levels left

rFire   . . .        (no weapon)
rCold   . . .        (no shield)
rNeg    . . .        a - +0 robe
rPois   .            (no helmet)
rElec   .            (no cloak)
rCorr   .            (no gloves)
SInv    .            (no boots)
Will    .....        (no amulet)
Stlth   ++           (no ring)
HPRegen 0.22/turn    (no ring)
MPRegen 0.08/turn

%: no passive effects
@: no status effects
A: explore regen
a: no special abilities


You were on level 1 of the Dungeon.
You visited 1 branch of the dungeon, and saw 1 of its levels.

You collected 26 gold pieces.

Inventory:

Armour
 a - a +0 robe (worn)
 d - a +0 chain mail
 f - a +0 leather armour
Scrolls
 c - a scroll of brand weapon {unknown}
Potions
 b - a potion of magic
 e - 2 potions of enlightenment


   Skills:
 + Level 2.0 Dodging
 + Level 2.3 Stealth
 + Level 2.0 Spellcasting
 + Level 1.0 Conjurations
 + Level 3.0 Air Magic


You had 3 spell levels left.
You knew the following spells:

 Your Spells              Type           Power      Damage    Failure   Level
a - Shock                 Conj/Air       28%        1d4       10%         1

Your spell library contained the following spells:

 Spells                   Type           Power      Damage    Failure   Level
 Static Discharge         Conj/Air       14%        3-4/arc   14%         2
 Swiftness                Air            10%        N/A       19%         3
 Airstrike                Air            5%         2d(1-17)  54%         4


Dungeon Overview and Level Annotations

Branches:
Dungeon (1/15)

Altars:


Innate Abilities, Weirdness & Mutations

You regain HP and MP as you explore.


Message History

A rat comes into view.
A rat is nearby!
A rat is nearby!
A dart slug comes into view.
It was a potion of enlightenment.
You feel very buoyant.
You fly up into the air.
You are starting to lose your buoyancy.
It was a potion of curing.
You feel better.
Okay, then.
The dart slug launches a dart at you. The slug dart misses you.
You float gracefully downwards.
You hit the dart slug but do no damage. The dart slug launches a dart at you.
The slug dart hits you.
You hit the dart slug.
The dart slug is moderately wounded.
Your enlightenment fades.
The dart slug bites you.
You hit the dart slug but do no damage.
The dart slug is moderately wounded.
You hit the dart slug.
The dart slug is heavily wounded.
The dart slug closely misses you.
You hit the dart slug but do no damage.
The dart slug is moderately wounded.
The dart slug bites you but does no damage.
You barely miss the dart slug.
The dart slug is moderately wounded.
You hit the dart slug.
The dart slug is heavily wounded.
The dart slug launches a dart at you. The slug dart hits you.
You hit the dart slug.
The dart slug is heavily wounded.
The dart slug barely misses you. The dart slug launches a dart at you.
The slug dart hits you.
You die...

#............# #............#
#....###.###.# #....#
#.....####### #....#
####........# #....#
#........# #....# #........#
###########....######........#
..............w.@..>....#.##.
##########.#####.##.###.#.#
#.# #.#........# #.#
#.#..#.#.##### #.#
#.#..#.#.###.## #.#
#.#..###.##...## #.#
#.#......#≈.<.≈# r.#
#.##.#####≈...≈# #.# #≈...≈#


You could see a dart slug.

Vanquished Creatures
  A dart slug (D:1)
  2 frilled lizards (D:1)
3 creatures vanquished.

Notes
Turn   | Place    | Note
-------+----------+-------------------------------------------
     0 | D:1      | Dogenati the Human Air Elementalist began the quest for the
                  | Orb.
     0 | D:1      | Reached XP level 1. HP: 13/13 MP: 3/3
   333 | D:1      | Killed from afar by a dart slug

Illustrated notes

Levels and vault maps discovered:
D:1:      wander_arrival_chamber, layout_basic

Action                     || total
---------------------------++-------
  Melee: Unarmed           ||    42
    Use: Potion            ||     2
         Scroll            ||     1
 Armour: Robe              ||    19
  Dodge: Dodged            ||    20

Table legend: (Time is in decaauts)
 A = Elapsed time spent in this place.
 B = Non-inter-level travel time spent in this place.
 C = Inter-level travel time spent in this place.
 D = Time resting spent in this place.
 E = Time spent auto-exploring this place.
 F = Levels seen in this place.
 G = Mean time per level.
                   A        B        C        D        E       F      G
               +--------+--------+--------+--------+--------+-----+--------+
         Total |    333 |    333 |      0 |      0 |      0 |   1 |  333.0 |
       Dungeon |    333 |    333 |      0 |      0 |      0 |   1 |  333.0 |
               +--------+--------+--------+--------+--------+-----+--------+

Top non-repeatable levels by time:
     D:1: 333 daAuts
